 Dungeon Crawl Stone Soup version bcrawl-1.38.1 (webtiles) character file.

Game seed: 17776478115778110686

318308 Morbidden the Grappler (level 10, 0/91 HPs)
             Began as a Troll Archaeologist on Apr 3, 2023.
             Was an Elder of Cheibriados.
             Slain by a seven-headed hydra (14 damage)
             ... on level 1 of the Lair of Beasts.
             The game lasted 00:07:44 (7972 turns).

Morbidden the Grappler (Troll Archaeologist)        Turns: 7972, Time: 00:07:45

Health: 0/91       AC:  9    Str: 34    XL:     10   Next: 31%
Magic:  13/13      EV: 13    Int: 21    God:    Cheibriados [****..]
Gold:   691        SH:  0    Dex: 18    Spells: 15/15 levels left

rFire    . . .     GDR:     32%   - Claws (32.3)
rCold    . . .     SeeInvis .   (no shield)
rNeg     . . .     Gourm    +   (armour unavailable)
rPois    .         Faith    .   c - +1 hat
rElec    .         Spirit   .   (no cloak)
rCorr    .         Reflect  .   (gloves unavailable)
MR       .....     Clarity  +   (boots unavailable)
Stlth    ++........             (no amulet)
HPRegen  0.65/turn              (no ring)
MPRegen  0.13/turn              (no ring)

@: lethally poisoned (0 -> -3), about to teleport, studying Throwing, very slow
A: large, almost no armour, claws 3, fast metabolism 3, gourmand, regeneration
1, AC +8
a: Bend Time, Defer, Temporal Distortion, Renounce Religion


You were on level 1 of the Lair of Beasts.
You worshipped Cheibriados.
Cheibriados was greatly pleased with you.
You were very full.

You visited 3 branches of the dungeon, and saw 10 of its levels.

You collected 736 gold pieces.
You spent 45 gold pieces at shops.

Inventory:

Hand Weapons
 b - a +0 blowgun
Missiles
 d - 5 curare-tipped needles
 l - 1765 stones (quivered)
 m - 92 tomahawks of dispersal {=f}
 q - 122 poisoned needles
 A - 392 sling bullets
 D - 187 poisoned tomahawks
 E - 2 throwing nets {=f}
Armour
 c - a +1 hat (worn)
Wands
 f - a wand of acid (15)
 s - a wand of paralysis (8)
 G - a wand of iceblast (17)
 I - a wand of clouds (6)
 J - a wand of flame (14)
Scrolls
 a - 2 scrolls of fear {unknown}
 g - 3 scrolls of magic mapping
 i - 5 scrolls of identify
 k - 2 scrolls of amnesia {unknown}
 n - 5 scrolls of remove curse
 w - a scroll of enchant armour {unknown}
 y - 5 scrolls of teleportation
 C - 2 scrolls of noise {unknown}
 H - a scroll of blinking {unknown}
 K - a scroll of fog {unknown}
 L - a scroll of enchant weapon {unknown}
Potions
 h - 3 potions of flight {unknown}
 j - 3 potions of degeneration {unknown}
 o - a potion of might {unknown}
 p - 2 potions of magic {unknown}
 r - a potion of mutation {unknown}
 t - a potion of haste {unknown}
 u - a potion of heal wounds {unknown}
 v - 3 potions of agility {unknown}
 x - a potion of ambrosia {unknown}
 z - a potion of invisibility {unknown}
 B - 2 potions of brilliance {unknown}
 F - 2 potions of curing {unknown}
Comestibles
 e - 20 rations {!d}


   Skills:
 * Level 3.5 Fighting
   Level 1.0 Maces & Flails
 * Level 5.4 Throwing
 * Level 5.6 Dodging
 + Level 2.8 Stealth
 * Level 9.4 Unarmed Combat
 * Level 3.2 Spellcasting
 * Level 3.7 Invocations
 * Level 2.9 Evocations


You had 15 spell levels left.
You didn't know any spells.
Your spell library was empty.

Dungeon Overview and Level Annotations

Branches:
Dungeon (8/12)             Temple (1/1) D:4            Lair (1/6) D:7
    Orc: D:8-11

Altars:
Ashenzari
Cheibriados
Dithmenos
Elyvilon
Fedhas
Gozag
Hepliaklqana
Kikubaaqudgha
Lugonu
Makhleb
Nemelex Xobeh
Okawaru
Qazlal
Ru
Sif Muna
Trog
Uskayaw
Vehumet
Wu Jian
Xom
Yredelemnul
Zin
The Shining One

Shops:
D:7 *   D:8 [


Innate Abilities, Weirdness & Mutations

You cannot wear most types of armour.
Your thick skin is tough. (AC +8)
You are too large for most types of armour.
You have claws for hands.
Your metabolism is lightning-fast.
You like to eat raw meat.
Your natural rate of healing is unusually fast.


Message History

No path to travel!
No path to travel!
As you read the scroll labeled NEFORR ZIUFA, it crumbles to dust.
You feel blessed for a moment.
It was a scroll of remove curse.
You feel sick.
The seven-headed hydra barely misses you.
The seven-headed hydra bites you but does no damage.
The seven-headed hydra bites you!
The seven-headed hydra bites you but does no damage.
The seven-headed hydra closely misses you.
The seven-headed hydra bites you but does no damage.
The seven-headed hydra bites you.
No path to travel!
As you read the scroll labeled FOVVOULENI, it crumbles to dust.
You feel strangely unstable.
It was a scroll of teleportation.
You feel sick. The seven-headed hydra bites you!
* * * LOW HITPOINT WARNING * * *
The seven-headed hydra misses you.
The seven-headed hydra bites you but does no damage.
The seven-headed hydra bites you!
You die...

... #...(#..
#.. #......#
##.
##......# #
#....>..##
#........
#!..?..#
#.D...#
#.@..#
##.†..##
#...†..#
##....## ##
###
#....####...
#.#
##....#...#
##.
##.......P#
##
##......####
### #
##.......##
#.#


You could see a seven-headed hydra.

Vanquished Creatures
  A hornet (D:8)
  A hippogriff (D:8)
  Grum (D:8)
  Eustachio (D:5)
  A hungry ghost (D:8)
  2 crocodiles (D:7)
  2 water moccasins (Lair:1)
  An ice beast (D:8)
  5 porcupines (D:7)
  2 orc warriors
  A sky beast (D:5)
  A necrophage (D:8)
  A hornet zombie (D:8)
  3 phantoms
  2 ogres
  4 wolves (D:8)
  6 bullfrogs
  A centaur (D:6)
  5 scorpions
  4 howler monkeys
  3 crimson imps
  3 orc priests
  2 bullfrog zombies
  A quasit (D:6)
  2 bullfrog skeletons
  A hound (D:7)
  8 worker ants
  13 orc wizards
  A hound skeleton (D:5)
  4 adders
  2 shadow imps (D:6)
  A white imp (D:6)
  An ooze (D:1)
  An adder skeleton (D:8)
  3 worms
  5 dart slugs
  7 leopard geckos
  28 orcs
  2 ball pythons
  6 bats
  3 giant cockroaches
  4 goblins
  11 hobgoblins
  9 jackals
  10 kobolds
  4 quokkas
  7 frilled lizards
  A jackal skeleton (D:6)
  6 rats
194 creatures vanquished.

Vanquished Creatures (others)
  12 fungi
  6 plants (D:7)
18 creatures vanquished.

Grand Total: 212 creatures vanquished

Notes
Turn   | Place    | Note
-------+----------+-------------------------------------------
     0 | D:1      | Morbidden the Troll Archaeologist began the quest for the
                  | Orb.
     0 | D:1      | Reached XP level 1. HP: 18/18 MP: 0/0
    32 | D:1      | Reached XP level 2. HP: 26/26 MP: 1/1
   269 | D:1      | Reached skill level 1 in Fighting
   316 | D:1      | Reached XP level 3. HP: 32/33 MP: 2/2
  1097 | D:2      | Reached skill level 1 in Unarmed Combat
  1555 | D:2      | Gained mutation: Your natural rate of healing is unusually
                  | fast. [Troll growth]
  1555 | D:2      | Reached XP level 4. HP: 37/41 MP: 3/3
  2258 | D:3      | Reached skill level 2 in Unarmed Combat
  2382 | D:3      | Reached skill level 1 in Throwing
  2627 | D:4      | Reached XP level 5. HP: 43/48 MP: 3/5
  2627 | D:4      | Identified a scroll of acquirement
  2627 | D:4      | Identified the +7 lajatang of Exchange {drain, Int+8 SInv}
                  | (You acquired it on level 4 of the Dungeon)
  2627 | D:4      | Identified the ring of the Iron Devil {+Fly rElec rF+
                  | Str+4} (You acquired it on level 4 of the Dungeon)
  2793 | D:4      | Found a staircase to the Ecumenical Temple.
  2836 | Temple   | Entered the Ecumenical Temple
  3294 | Temple   | Became a worshipper of Cheibriados the Contemplative
  3365 | D:4      | Noticed a phantom
  3386 | D:4      | Reached skill level 3 in Unarmed Combat
  3386 | D:4      | Reached skill level 1 in Spellcasting
  3432 | D:4      | Killed a phantom
  3433 | D:4      | Reached skill level 1 in Evocations
  3433 | D:4      | Reached XP level 6. HP: 35/55 MP: 6/6
  4045 | D:5      | Entered Level 5 of the Dungeon
  4141 | D:5      | Reached skill level 1 in Invocations
  4168 | D:5      | Reached skill level 4 in Unarmed Combat
  4168 | D:5      | Reached XP level 7. HP: 48/62 MP: 7/7
  4489 | D:5      | Noticed Eustachio
  4500 | D:5      | Killed Eustachio
  4541 | D:5      | Reached * piety under Cheibriados
  4677 | D:5      | Reached skill level 5 in Unarmed Combat
  4784 | D:5      | Reached XP level 8. HP: 56/72 MP: 9/9
  5183 | D:5      | Found a sacrificial altar of Ru.
  5659 | D:6      | Reached ** piety under Cheibriados
  5665 | D:6      | Reached skill level 6 in Unarmed Combat
  6328 | D:7      | Reached XP level 9. HP: 57/80 MP: 11/11
  6338 | D:7      | Reached skill level 7 in Unarmed Combat
  6349 | D:7      | Reached skill level 5 in Dodging
  6373 | D:7      | Reached *** piety under Cheibriados
  6551 | D:7      | Found a shadowy altar of Dithmenos.
  6683 | D:7      | Found Miad's Assorted Antiques.
  6692 | D:7      | Bought a bubbling orange potion for 21 gold pieces
  6692 | D:7      | Bought a scroll labeled MOMALONOEWK for 24 gold pieces
  6696 | D:7      | Found an ancient bone altar of Kikubaaqudgha.
  6785 | D:7      | Found a staircase to the Lair.
  6995 | D:8      | Reached skill level 8 in Unarmed Combat
  7118 | D:8      | Found Kewkaijy's Antique Armour Shoppe.
  7137 | D:8      | Noticed Grum
  7145 | D:8      | Reached skill level 5 in Throwing
  7150 | D:8      | Reached **** piety under Cheibriados
  7154 | D:8      | Killed Grum
  7155 | D:8      | Reached XP level 10. HP: 51/91 MP: 13/13
  7159 | D:8      | Reached skill level 9 in Unarmed Combat
  7808 | Lair:1   | Entered Level 1 of the Lair of Beasts
  7967 | Lair:1   | Noticed a seven-headed hydra
  7972 | Lair:1   | Slain by a seven-headed hydra

Skill      XL: |  1  2  3  4  5  6  7  8  9 10 |
---------------+-------------------------------+-----
Fighting       | 1 2 3 |  3.5
Stealth        | 2 |  2.8
Unarmed Combat | 1 2 3 4 5 6 8 9 |  9.4
Dodging        | 3 4 5 |  5.6
Throwing       | 1 2 3 4 5 |  5.4
Spellcasting   | 1 2 3 |  3.2
Evocations     | 1 2 |  2.9
Invocations    | 1 2 3 |  3.7
Maces & Flails | |  1.0

Action                   |  1- 3 |  4- 6 |  7- 9 | 10-12 || total
-------------------------+-------+-------+-------+-------++-------
Melee: Unarmed           |   152 |   169 |   321 |    77 ||   719
       Punch             |       |     2 |     8 |     5 ||    15
 Fire: Blowgun           |       |       |     5 |       ||     5
Throw: Stone             |       |    20 |     7 |     3 ||    30
  Use: Scroll            |       |     1 |     2 |     2 ||     5
 Stab: Sleeping          |     3 |     3 |     4 |     1 ||    11
  Eat: Chunk             |    19 |    19 |    30 |     4 ||    72
Armor: Skin              |    62 |    69 |   125 |    18 ||   274
Dodge: Dodged            |    78 |    78 |   182 |    52 ||   390
